 Dungeon Crawl Stone Soup version 0.31.0-9-g3a7656b989 (webtiles) character file.

Game seed: 1159409943581316192

117 Eitelfritz the Chopper (level 5, -3/46 HPs)
             Began as a Hill Orc Fighter on Feb 2, 2024.
             Was an Initiate of Beogh.
             Killed from afar by Sigmund (8 damage)
             ... with a magic dart
             ... on level 3 of the Dungeon.
             The game lasted 00:03:41 (1822 turns).

Eitelfritz the Chopper (Hill Orc Fighter)           Turns: 1822, Time: 00:03:41

Health: -3/46      AC:  7    Str: 21    XL:     5   Next: 1%
Magic:  5/5        EV:  9    Int:  8    God:    Beogh [......]
Gold:   119        SH:  4    Dex: 10    Spells: 4/4 levels left

rFire   . . .        a - +0 war axe
rCold   . . .        c - +0 buckler
rNeg    . . .        q - +0 scale mail
rPois   .            (no helmet)
rElec   .            (no cloak)
rCorr   .            (no gloves)
SInv    .            (no boots)
Will    .....        (no amulet) Stlth
                     (no ring)
HPRegen 0.27/turn    (no ring)
MPRegen 0.09/turn

%: no passive effects
@: no status effects
A: no striking features
a: Renounce Religion


You were on level 3 of the Dungeon.
You worshipped Beogh.
Beogh was noncommittal.
You visited 1 branch of the dungeon, and saw 3 of its levels.

You collected 119 gold pieces.

Inventory:

Hand Weapons
 a - a +0 war axe (weapon)
 b - a +0 sling
Missiles
 n - 7 poisoned darts (quivered)
Armour
 c - a +0 buckler (worn)
 q - a +0 scale mail (worn)
Jewellery
 p - a +6 ring of intelligence
Scrolls
 f - a scroll of teleportation {unknown}
 h - 2 scrolls of identify {unknown}
 j - a scroll of amnesia {unknown}
 m - a scroll of immolation {unknown}
 o - a scroll of poison {unknown}
Potions
 d - a potion of might
 e - 2 potions of curing {unknown}
 g - a potion of lignification {unknown}
 i - a potion of haste {unknown}
 k - a potion of ambrosia {unknown}
 l - a potion of degeneration {unknown}
 r - a potion of attraction {unknown}


   Skills:
 + Level 4.2 Fighting
 + Level 4.7 Axes
 + Level 4.1 Armour
 + Level 0.5 Dodging
 + Level 3.7 Shields


You had 4 spell levels left.
You didn't know any spells.
Your spell library contained the following spells:

 Spells                   Type           Power      Damage    Failure   Level
 Magic Dart               Conj           0%         1d3       80%         1
 Shock                    Conj/Air       0%         1d3       80%         1
 Slow                     Hex            0%         N/A       80%         1
 Searing Ray              Conj           0%         2d4       91%         2
 Confusing Touch          Hex            0%         N/A       99%         3
 Sigil of Binding         Hex            0%         N/A       99%         3
 Swiftness                Air            0%         N/A       99%         3
 Vampiric Draining        Necr           0%         2d6       99%         3
 Airstrike                Air            0%         2d(0-16)  100%        4
 Fulminant Prism          Conj/Alch      0%         3d5       100%        4


Dungeon Overview and Level Annotations

Branches:
Dungeon (3/15)

Altars:

Annotations:
D:3 Sigmund


Message History

A magic dart appears from out of thin air!
The magic dart hits you.
You closely miss something. Something hits you but does no damage.
You bump into the rock wall.
You feel less confused. Something completely misses you.
You miss something. You block something's attack.
You closely miss something.
Sigmund appears from thin air!
Reactivating autopickup.
Sigmund barely misses you.
You hit Sigmund.
Sigmund is heavily wounded.
You closely miss Sigmund.
Sigmund is heavily wounded.
Sigmund is suddenly surrounded by pale red light.
Sigmund hits you with a +0 scythe.
You barely miss Sigmund.
Sigmund is heavily wounded.
Sigmund casts a spell at you. You resist with some effort.
You block Sigmund's attack.
You closely miss Sigmund.
Sigmund is heavily wounded.
You hit Sigmund.
Sigmund is heavily wounded.
Sigmund hits you but does no damage.
You closely miss Sigmund.
Sigmund is heavily wounded.
Sigmund gestures at you while chanting. The puff of flame hits you.
* * * LOW HITPOINT WARNING * * *
You hit Sigmund.
Sigmund is severely wounded.
Sigmund hits you with a +0 scythe!
* * * LOW HITPOINT WARNING * * *
You slash Sigmund!
Sigmund is almost dead.
Sigmund gestures at you while chanting. The magic dart hits you!
You die...
Sigmund begins carving another notch in his scythe.

...# # ##..##. ...#
..##.#.f... !..#
..##.#.f... #..#
..............##..######
.....#.#..##...#........
.....#.........#.#
.....#....##...#.#
.....#....##...#@#
.....##........#@#
####......###..#.###
####..#............#
...........##..#.#.#
####.###...##..#.#.#
.....#
#...##..#.#.#####.#
##..#
#...#.............# ##.#
#...#...#.#.#####.##


You could see Sigmund.

Vanquished Creatures
  A bombardier beetle (D:2)
  2 adders
  2 dart slugs
  A ribbon worm (D:2)
  3 orcs (D:3)
  7 bats
  4 endoplasms
  6 giant cockroaches
  3 goblins
  6 hobgoblins
  2 jackals (D:2)
  A quokka (D:2)
  5 ball pythons
  5 frilled lizards
  2 kobolds
  4 rats
54 creatures vanquished.

Notes
Turn   | Place    | Note
-------+----------+-------------------------------------------
     0 | D:1      | Eitelfritz the Hill Orc Fighter began the quest for the
                  | Orb.
     0 | D:1      | Reached XP level 1. HP: 19/19 MP: 1/1
    51 | D:1      | Reached XP level 2. HP: 26/27 MP: 2/2
   474 | D:1      | Reached XP level 3. HP: 33/33 MP: 3/3
   993 | D:2      | Reached XP level 4. HP: 31/40 MP: 4/4
  1562 | D:3      | Became a worshipper of Beogh the Brigand
  1712 | D:3      | Reached XP level 5. HP: 45/46 MP: 5/5
  1775 | D:3      | Noticed Sigmund
  1822 | D:3      | Killed from afar by Sigmund

Illustrated notes

Levels and vault maps discovered:
D:1:      tarquinn_simple_flora_water_b, layout_rooms
D:2:      layout_loops_ring
D:3:      gammafunk_steamed_eel, layout_basic, xom_teletrap_fun,
          dreamdust_princess_bridge, uniq_sigmund

Skill      XL: |  1  2  3  4 |
---------------+-------------+-----
Axes           | 3 4 |  4.7
Fighting       | 4 |  4.2
Armour         | 4 |  4.1
Dodging        | |  0.5
Shields        | |  3.7

Action                     |  1- 3 |  4- 6 || total
---------------------------+-------+-------++-------
  Melee: War axe           |   121 |    61 ||   182
 Invoke: Convert to Beogh  |       |     1 ||     1
 Armour: Scale mail        |    96 |    38 ||   134
  Dodge: Dodged            |    68 |    24 ||    92
  Block: Buckler           |    20 |    16 ||    36
